 Dungeon Crawl Stone Soup version 0.28.0-49-g6dfe1f597d (webtiles) character file.

Game seed: 11926554055002610606

143574 CryoSword the Zephyrmancer (level 16, -1/134 HPs)
             Began as a Demigod Air Elementalist on May 16, 2022.
             Slain by a wolf spider (13 damage)
             ... led by a torpor snail
             ... on level 3 of the Spider Nest.
             The game lasted 01:45:51 (53913 turns).

CryoSword the Zephyrmancer (DgAE)                  Turns: 53913, Time: 01:45:52

Health: -1/134     AC: 24    Str: 16    XL:     16   Next: 30%
Magic:  32/39      EV: 14    Int: 27    God:
Gold:   789        SH: 13    Dex: 17    Spells: 11/28 levels left

rFire   . . .      SeeInvis +   w - staff of air
rCold   . . .      Faith    .   S - +0 kite shield
rNeg    . . .      Spirit   .   y - +0 swamp dragon scales
rPois   +          Reflect  .   J - +2 helmet of the Sun {Will+++ Str+3 Dex-5 Stlth-}
rElec   +          Harm     +   e - +2 cloak {Stlth+}
rCorr   +          Rampage  .   A - +1 pair of gloves of Day {Harm Stlth+}
Will    ++++.                   C - +1 pair of boots
Stlth   ++++......              Q - amulet of Aneblu {Acrobat rCorr Int+2 SInv}
HPRegen 0.32/turn               m - ring of magical power
MPRegen 0.26/turn               o - +4 ring of protection

@: no status effects
A: high MP 1, forlorn, divine attributes
a: no special abilities


You were on level 3 of the Spider Nest.
You visited 4 branches of the dungeon, and saw 26 of its levels.
You also visited: Ossuary, Bailey, Gauntlet and Volcano.

You collected 2937 gold pieces.
You spent 2148 gold pieces at shops.

Inventory:

Hand Weapons
 a - a +6 eveningstar of freezing
   (You took it off Donald on level 1 of the Orcish Mines)
Missiles
 r - 5 throwing nets
 t - 5 silver boomerangs
 R - 2 curare-tipped darts
Armour
 e - a +2 cloak of stealth (worn)
   (You took it off Maurice on level 11 of the Dungeon)
 g - the +0 fire dragon scales "Irri" {rPois rF++ rC- rN+ Int+2 Dex-2}
   (You found it in a volcano)

   Int:       It affects your intelligence (+2).
   Dex:       It affects your dexterity (-2).
   rF:        It greatly protects you from fire.
   rC:        It makes you vulnerable to cold.
   rPois:     It protects you from poison.
   rN:        It protects you from negative energy.
 q - a +2 leather armour of cold resistance
   (You took it off Rupert on level 4 of the Lair of Beasts)
 y - +0 swamp dragon scales (worn)
   (You found it on level 2 of the Lair of Beasts)
 A - the +1 pair of gloves of Day (worn) {Harm Stlth+}
   (You bought it in a shop on level 2 of the Orcish Mines)

   Harm:      It increases damage dealt and taken.
   Stlth:     It makes you more stealthy.
 C - a +1 pair of boots (worn)
   (You found it on level 14 of the Dungeon)
 J - the +2 helmet of the Sun (worn) {Will+++ Str+3 Dex-5 Stlth-}
   (You found it in a Gauntlet)

   Str:       It affects your strength (+3).
   Dex:       It affects your dexterity (-5).
   Will:      It greatly increases your willpower.
   Stlth:     It makes you less stealthy.
 S - a +0 kite shield (worn)
   (You took it off Donald on level 1 of the Orcish Mines)
 U - a +0 tower shield
   (You found it on level 13 of the Dungeon)
 Z - the +4 steam dragon scales "Naqu" {+Inv rElec rF+ Dex-4}
   (You found it in a Gauntlet)

   Dex:       It affects your dexterity (-4).
   rF:        It protects you from fire.
   rElec:     It insulates you from electricity.
   +Inv:      It lets you turn invisible.
Magical Staves
 w - a staff of air (weapon)
   (You found it on level 5 of the Dungeon)
Jewellery
 k - a ring of protection from fire
   (You bought it in a shop on level 1 of the Dungeon)
 m - a ring of magical power (left hand)
   (You found it on level 12 of the Dungeon)
 n - a ring of flight
   (You found it on level 11 of the Dungeon)
 o - a +4 ring of protection (right hand)
   (You bought it in a shop on level 1 of the Dungeon)
 O - a ring of positive energy
   (You found it on level 8 of the Dungeon)
 Q - the amulet of Aneblu (around neck) {Acrobat rCorr Int+2 SInv}
   (You found it on level 11 of the Dungeon)

   [amulet of the acrobat]

   It increases your evasion while moving and waiting.
   Int:       It affects your intelligence (+2).
   SInv:      It lets you see invisible.
   rCorr:     It protects you from acid and corrosion.
Wands
 f - a wand of mindburst (26) (quivered)
   (You took it off Ijyb on level 3 of the Dungeon)
 l - a wand of iceblast (30)
   (You found it on level 3 of the Dungeon)
 L - a wand of acid (16)
   (You found it on level 7 of the Dungeon)
Scrolls
 b - a scroll of fear
 c - 6 scrolls of magic mapping
 d - 3 scrolls of identify {@r1}
 i - 2 scrolls of holy word
 F - 17 scrolls of teleportation {@r4}
 I - 4 scrolls of fog
 K - 2 scrolls of enchant armour
 V - 2 scrolls of summoning
Potions
 h - 9 potions of curing {@q1}
 j - 4 potions of resistance
 p - 3 potions of heal wounds {@q2}
 u - 5 potions of haste {@q3}
 v - 8 potions of might
 x - 4 potions of lignification {!q}
 z - 2 potions of magic
 B - 2 potions of cancellation
 D - 5 potions of mutation {!q}
 E - 4 potions of brilliance
 G - 4 potions of berserk rage
 T - 8 potions of ambrosia
Miscellaneous
 P - a lightning rod (4/4) {!a}
   (You found it on level 9 of the Dungeon)


   Skills:
 + Level 10.2 Fighting
 + Level 2.5(7.4) Maces & Flails
 + Level 10.9(11.1) Staves
 + Level 7.8 Armour
 + Level 8.1 Dodging
 - Level 7.2 Stealth
 + Level 12.7 Shields
 + Level 6.5 Spellcasting
 + Level 8.4 Conjurations
 + Level 5.2 Summonings
 * Level 12.9 Air Magic
 - Level 3.0 Poison Magic
 - Level 7.0 Evocations


You had 11 spell levels left.
You knew the following spells:

 Your Spells              Type           Power      Damage    Failure   Level
a - Shock                 Conj/Air       100%       1d9       1%          1
b - Static Discharge      Conj/Air       79%        N/A       1%          2
c - Airstrike             Air            43%        N/A       1%          4
A - Swiftness             Air            87%        N/A       1%          3
C - Mephitic Cloud        Conj/Pois/Air  68%        N/A       2%          3
L - Summon Lightning Spi  Summ/Air       72%        N/A       4%          4

Your spell library contained the following spells:

 Spells                   Type           Power      Damage    Failure   Level
 Magic Dart               Conj           100%       1d8       1%          1
 Poisonous Vapours        Pois/Air       100%       N/A       1%          2
 Summon Small Mammal      Summ           100%       N/A       2%          1
 Foxfire                  Conj/Fire      100%       2x1d9     3%          1
 Call Imp                 Summ           37%        N/A       3%          2
 Conjure Flame            Conj/Fire      31%        6-21      11%         3
 Dazzling Flash           Conj/Hex       62%        N/A       11%         3
 Stone Arrow              Conj/Erth      62%        3d10      11%         3
 Sting                    Tmut/Pois      64%        1d6       12%         1
 Animate Skeleton         Necr           16%        N/A       22%         1
 Apportation              Tloc           16%        N/A       22%         1
 Sandblast                Erth           16%        2d6       22%         1
 Freezing Cloud           Conj/Ice/Air   31%        6-21      30%         5
 Ensorcelled Hibernation  Hex/Ice        16%        N/A       32%         2
 Passwall                 Tmut/Erth      6%         N/A       32%         2
 Spider Form              Tmut/Pois      16%        N/A       34%         3
 Flame Wave               Conj/Fire      31%        2d8       36%         4
 Fulminant Prism          Conj/Hex       15%        3d11      36%         4
 Hailstorm                Conj/Ice       31%        3d8       36%         4
 Iskenderun's Mystic Bla  Conj/Tloc      31%        2d8       36%         4
 Sticky Flame             Conj/Fire      31%        2d5       36%         4
 Ignite Poison            Fire/Tmut/Pois 14%        N/A       38%         3
 Olgreb's Toxic Radiance  Pois           25%        N/A       52%         4
 Inner Flame              Hex/Fire       8%         N/A       54%         3
 Summon Forest            Summ/Tloc      11%        N/A       89%         5
 Anguish                  Hex/Necr       4%         N/A       91%         4
 Ice Form                 Ice/Tmut       8%         N/A       91%         4
 Petrify                  Tmut/Erth      8%         N/A       91%         4
 Alistair's Intoxication  Tmut/Pois      10%        N/A       97%         5
 Borgnjor's Vile Clutch   Necr/Erth      4%         N/A       99%         5
 Lee's Rapid Deconstruct  Erth           4%         3d6*      99%         5
 Metabolic Englaciation   Hex/Ice        4%         N/A       99%         5
 Iron Shot                Conj/Erth      15%        9d4       99%         6
 Starburst                Conj/Fire      15%        6d6       99%         6
 Eringya's Noxious Bog    Tmut/Pois      8%         N/A       100%        6
 Simulacrum               Ice/Necr       4%         N/A       100%        6
 Statue Form              Tmut/Erth      5%         N/A       100%        6
 Storm Form               Tmut/Air       30%        N/A       100%        7
 Summon Hydra             Summ           18%        N/A       100%        7
 Lehudib's Crystal Spear  Conj/Erth      15%        10d5      100%        8
 Maxwell's Capacitive Co  Air            43%        ∞         100%        8


Dungeon Overview and Level Annotations

Branches:
Dungeon (15/15)            Temple (0/1) D:4            Lair (6/6) D:8
  Swamp (0/4) Lair:4       Spider (3/4) Lair:3        Slime (0/5) Lair:6
    Orc (2/2) D:10            Elf (0/3) Orc:2        Vaults (0/5) D:13
 Depths (0/4) D:15        Ossuary (visited)          Bailey (visited)
Volcano (visited)         Gauntlet (visited)

Shops:
D:1 =   D:15 *   Orc:2 *:([

Annotations:
D:14 2 transporters, Cykl0x's ghost, journeyman GrEE


Innate Abilities, Weirdness & Mutations

You have an increased reservoir of magic. (+10% MP)
You shall have no god before yourself.
Your divine heritage dramatically boosts your attributes as you level up.


Message History

The redback is struck by an arc of lightning!
You kill the redback!
The lightning grounds out.
Aim: an orb spider (fully charged, empty space bonus: 8/8)
You feel a surge of power!
The air twists around and strikes the orb spider!!
Aim: an orb spider (heavily wounded, fully charged, empty space bonus: 7/8)
You feel a surge of power!
The air twists around and strikes the orb spider!!
You kill the orb spider!
Found a quarterstaff.
You see here 20 gold pieces.
A jumping spider is nearby!
Aim: a jumping spider (wandering, hasn't noticed you, empty space bonus: 3/8)
You feel a surge of power!
The air twists around and strikes the jumping spider!!
A pharaoh ant comes into view.
Aim: a jumping spider (severely wounded, empty space bonus: 4/8)
You feel a surge of power!
The air twists around and strikes the jumping spider!
You kill the jumping spider!
The pharaoh ant gives a chilling moan.
Aim: a pharaoh ant (empty space bonus: 8/8)
You feel a surge of power!
The air twists around and strikes the pharaoh ant!
A tarantella comes into view.
Aim: a pharaoh ant (heavily damaged, empty space bonus: 5/8)
You feel a surge of power!
The air twists around and strikes the pharaoh ant!!
You destroy the pharaoh ant!
The pharaoh ant binds the souls of nearby monsters.
Aim: a tarantella (soul bound, empty space bonus: 5/8)
You feel a surge of power!
The air twists around and strikes the tarantella!
A jumping spider comes into view.
Aim: a tarantella (almost dead, soul bound, empty space bonus: 6/8)
You feel a surge of power!
The air twists around and strikes the tarantella!!
You kill the tarantella!
A freezing mist starts to gather...
A tarantella simulacrum comes into view.
The jumping spider leaps!
Aim: a tarantella simulacrum (empty space bonus: 7/8)
You feel a surge of power!
The air twists around and strikes the tarantella simulacrum!!
A jumping spider is nearby!
A jumping spider is nearby!
A jumping spider is nearby!
Aim: a jumping spider (soul bound, empty space bonus: 8/8)
You feel a surge of power!
The air twists around and strikes the jumping spider!!
The jumping spider leaps!
Okay, then.
A jumping spider is nearby!
A jumping spider is nearby!
A jumping spider is nearby!
Aim: a jumping spider (almost dead, soul bound, empty space bonus: 3/8)
You feel a surge of power!
The air twists around and strikes the jumping spider!
You kill the jumping spider!
A freezing mist starts to gather...
A jumping spider simulacrum comes into view.
A jumping spider simulacrum is nearby!
Aim: a jumping spider simulacrum (empty space bonus: 3/8)
You feel a surge of power!
You miscast Airstrike.
You are very lightly contaminated with residual magic.
Nothing appears to happen.
Aim: a jumping spider simulacrum (empty space bonus: 8/8)
You feel a surge of power!
The air twists around and strikes the jumping spider simulacrum!
You don't have enough magic to cast this spell.
Unknown command.
Aim: a jumping spider simulacrum (severely damaged, 84% to hit)
You feel a surge of power!
The zap hits the jumping spider simulacrum.
You block the jumping spider simulacrum's attack.
The jumping spider simulacrum completely misses you.
You hit the jumping spider simulacrum.
The jumping spider simulacrum is electrocuted.
Your magical contamination has completely faded away.
You start resting.
You now have 789 gold pieces (gained 20).
Found 14 arrows.
Found a stone staircase leading down.
A torpor snail and a moth of wrath come into view.
There are monsters nearby!
There are monsters nearby!
There are monsters nearby!
Aim: a torpor snail (wandering, hasn't noticed you, empty space bonus: 6/8)
You feel a surge of power!
The air twists around and strikes the torpor snail!
The moth of wrath's fur bristles in rage as it notices you.
A wolf spider comes into view.
Being near the torpor snail leaves you feeling lethargic.
Unknown command.
Aim: a torpor snail (moderately wounded, empty space bonus: 6/8)
You feel a surge of power!
The air twists around and strikes the torpor snail!
The wolf spider hisses angrily.
The moth of wrath goads the wolf spider on!
The wolf spider goes berserk!
You hit the wolf spider but do no damage.
The wolf spider is electrocuted.
The wolf spider hits you!! The wolf spider bites you.
You block the wolf spider's attack.
The wolf spider bites you but does no damage.
The wolf spider closely misses you. The wolf spider bites you!
Aim: a torpor snail (heavily wounded, 100% to hit)
Okay, then.
You feel a surge of power!
The wolf spider is struck by an arc of lightning!
The moth of wrath is struck by an arc of lightning!
The torpor snail is struck by an arc of lightning.
The lightning grounds out.
The wolf spider hits you!!
* * * LOW HITPOINT WARNING * * *
The wolf spider bites you but does no damage.
The wolf spider hits you!
* * * LOW HITPOINT WARNING * * *
You block the wolf spider's attack. The wolf spider hits you!!
* * * LOW HITPOINT WARNING * * *
The wolf spider bites you!
* * * LOW HITPOINT WARNING * * *
Blink to where?
As you read the scroll of blinking, it crumbles to dust.
You feel yourself speed up.
You hear an angry hiss.
Being near the torpor snail leaves you feeling lethargic.
You feel yourself speed up.
Being near the torpor snail leaves you feeling lethargic.
You feel much better. The wolf spider misses you.
The wolf spider bites you but does no damage.
You block the wolf spider's attack. The wolf spider bites you!
* * * LOW HITPOINT WARNING * * *
Blink to where?
As you read the scroll of blinking, it crumbles to dust.
You feel yourself speed up.
The wolf spider rages.
The wolf spider closely misses you. The wolf spider bites you.
* * * LOW HITPOINT WARNING * * *
You are lethally poisoned!
The wolf spider poisons you!
You feel much better.
* * * LOW HITPOINT WARNING * * *
You feel extremely sick.
You block the wolf spider's attack. x2; The wolf spider misses you.
The wolf spider bites you but does no damage.
You feel better. The wolf spider hits you!
* * * LOW HITPOINT WARNING * * *
The wolf spider bites you!
You die...

..........^# ...........
### ........^
#^###.....##
#..##......###
##....^........
##).....^.^....#
##.......###.^###
#......s@.^####
#####....#....##..#
#...##..##..###..#####
##......#####..(...>.###
#.........#...........#
#..y......#..........##
#...w..#.........#####
#.....##.......###
#...§####^^#####


You could see a wolf spider (berserk).

Vanquished Creatures
  Saint Roka (Orc:2)
  Rupert (Lair:4)
  Donald (Orc:1)
  A ghost moth (Spider:1)
  An emperor scorpion (Spider:1)
  Aizul (Spider:2)
  2 orc warlords
  A very ugly thing (D:15)
  Nessos (D:13)
  2 broodmothers
  Azrael (D:14)
  A minotaur (Gauntlet)
  The ghost of Faeu the Severer, a journeyman MiBe of Trog (D:13)
  5 entropy weavers
  A fire dragon (Lair:6)
  An ice dragon (Lair:6)
  A rakshasa (D:15)
  A catoblepas (D:10)
  13 hydras
  A jorogumo (Spider:2)
  Erolcha (Orc:2)
  4 vault guards (D:13)
  8 boulder beetles
  A death knight (D:15)
  2 ghost crabs (D:10)
  3 two-headed ogres
  4 centaur warriors
  A tengu warrior (D:11)
  6 death yaks
  2 orc high priests
  A soul eater (Gauntlet)
  Nergalle (Orc:2)
  5 skeletal warriors (D:13)
  6 fire crabs (D:10)
  4 orb spiders
  4 pharaoh ants
  A glowing orange brain (D:15)
  2 steelbarb worms (Spider:2)
  6 orc knights
  3 swamp dragons
  A deep elf pyromancer (D:13)
  2 lindwurms (Lair:6)
  4 orc sorcerers
  8 ugly things
  2 wolf spiders
  2 cyclopes
  5 manticores
  5 elephants (Lair:6)
  A moth of wrath (Spider:2)
  Maurice (D:11)
  6 black mambas
  An apocalypse crab (D:10)
  9 torpor snails
  A gargoyle (Bailey)
  17 cane toads
  A water nymph (shapeshifter) (D:15)
  An unseen horror (D:10)
  14 komodo dragons
  A rime drake (Lair:6)
  Psyche (D:10)
  9 demonic crawlers
  A freezing wraith (D:14)
  A kobold demonologist (D:7)
  6 trolls
  2 meliai (Spider:1)
  8 hornets (Lair:6)
  A queen bee (D:9)
  6 slime creatures
  14 tarantellas
  A polar bear (Lair:5)
  4 blink frogs (Lair:1)
  4 tyrant leeches
  Sigmund (D:2)
  A centaur simulacrum (D:14)
  20 jumping spiders
  A ynoxinul (D:13)
  11 culicivoras
  A shadow (D:13)
  4 wraiths
  20 yaks
  A water elemental (D:12)
  4 wyverns
  2 fire elementals (D:14)
  4 vampires
  7 humans (D:13)
  2 basilisks
  Grum (D:11)
  52 redbacks
  2 vampire mosquitoes (D:12)
  3 steam dragons
  Menkaure (D:5)
  7 swamp worms
  4 wargs
  4 acid dragons
  5 hell hounds (D:14)
  11 water moccasins
  Duvessa (D:7)
  43 orc warriors
  4 swamp drakes (Lair:6)
  4 black bears
  A necrophage (D:6)
  2 sky beasts
  9 wolves
  9 ogres
  13 centaurs
  A phantom (D:5)
  5 kobold brigands (D:9)
  11 bullfrogs
  A gnoll sergeant (D:8)
  3 scorpions
  3 water moccasin zombies (Ossuary)
  5 small abominations (Gauntlet)
  Dowan (D:7)
  28 killer bees (D:9)
  12 howler monkeys
  5 vampire bats (Bailey)
  8 electric eels
  3 wolf zombies (Bailey)
  2 centaur zombies
  4 hounds
  15 orc priests
  A gnoll shaman (D:5)
  Crazy Yiuf (D:3)
  Jessica (D:3)
  9 iguanas
  6 hell rats (Lair:6)
  Ijyb (D:3)
  30 orc wizards
  A hound skeleton (D:4)
  2 mummies (Ossuary)
  Robin (D:3)
  7 gnolls
  4 adders
  2 shadow imps (Gauntlet)
  2 white imps
  2 ufetubi
  2 adder skeletons (D:4)
  An adder zombie (Ossuary)
  3 dart slugs
  73 orcs
  6 bats
  6 endoplasms
  4 giant cockroaches
  3 gnoll zombies (Ossuary)
  24 goblins
  9 hobgoblins
  3 jackals (D:3)
  29 kobolds
  4 quokkas
  12 ball pythons
  8 frilled lizards
  2 hobgoblin zombies (Ossuary)
  7 kobold zombies (Ossuary)
  26 orc zombies
  8 rats
  A spectral goblin (D:10)
906 creatures vanquished.

Vanquished Creatures (collateral kills)
  An entropy weaver (Spider:1)
  A steelbarb worm (Spider:2)
  A wolf spider (Spider:3)
  A torpor snail (Spider:2)
  A meliai (Spider:1)
  A tarantella (Spider:1)
  6 culicivoras
  8 redbacks
20 creatures vanquished.

Vanquished Creatures (others)
  A tarantella (Spider:1)
  2 humans
  18 demonic plants (Gauntlet)
  34 fungi
  76 plants
131 creatures vanquished.

Grand Total: 1057 creatures vanquished

Notes
Turn   | Place    | Note
-------+----------+-------------------------------------------
     0 | D:1      | CryoSword the Demigod Air Elementalist began the quest for
                  | the Orb.
     0 | D:1      | Reached XP level 1. HP: 14/14 MP: 5/5
    33 | D:1      | Found Achephe's Jewellery Emporium.
   142 | D:1      | Reached skill level 1 in Conjurations
   559 | D:1      | Reached XP level 2. HP: 20/20 MP: 2/7
   562 | D:1      | Learned a level 2 spell: Static Discharge
  1632 | D:2      | Reached XP level 3. HP: 20/26 MP: 0/8
  1871 | D:2      | Learned a level 3 spell: Swiftness
  2108 | D:2      | Noticed Sigmund
  2492 | D:3      | Noticed Jessica
  2493 | D:3      | Killed Jessica
  2552 | D:3      | Reached XP level 4. HP: 33/33 MP: 5/9
  3465 | D:3      | Noticed Robin
  3528 | D:3      | Killed Robin
  3846 | D:3      | Noticed Ijyb
  3851 | D:3      | Killed Ijyb
  3852 | D:3      | Reached XP level 5. HP: 11/38 MP: 1/10
  4297 | D:3      | Found a runed translucent door.
  4298 | D:3      | Noticed Crazy Yiuf
  4526 | D:3      | Killed Crazy Yiuf
  4994 | D:4      | Found a sand-covered staircase.
  5035 | Ossuary  | Entered an ossuary
  5255 | Ossuary  | Reached XP level 6. HP: 41/45 MP: 4/12
  5548 | Ossuary  | Reached skill level 1 in Fighting
  5548 | Ossuary  | Reached skill level 5 in Air Magic
  6236 | D:4      | Found a staircase to the Ecumenical Temple.
  6440 | D:5      | Entered Level 5 of the Dungeon
  6598 | D:5      | Noticed Menkaure
  6618 | D:5      | Killed Menkaure
  6619 | D:5      | Reached XP level 7. HP: 30/53 MP: 7/14
  6809 | D:5      | Reached skill level 5 in Conjurations
  8011 | D:5      | Identified the +7 quarterstaff of Qazlal's Esteem {drain,
                  | rC+}
  8305 | D:6      | Reached skill level 1 in Staves
  8305 | D:6      | Reached skill level 1 in Evocations
  8305 | D:6      | Reached XP level 8. HP: 30/62 MP: 4/15
  8829 | D:6      | Learned a level 4 spell: Airstrike
  9953 | D:7      | Noticed a kobold demonologist
  9957 | D:7      | Noticed a soul eater
  9957 | D:7      | Noticed a rust devil
  9961 | D:7      | Noticed a red devil
 10035 | D:7      | Killed a kobold demonologist
 10111 | D:7      | Noticed Duvessa
 10116 | D:7      | Noticed Dowan
 10121 | D:7      | Killed Duvessa
 10124 | D:7      | Killed Dowan
 10360 | D:7      | Reached XP level 9. HP: 70/71 MP: 10/16
 12720 | D:8      | Reached skill level 5 in Fighting
 12980 | D:8      | Found a staircase to the Lair.
 13505 | D:9      | Reached XP level 10. HP: 78/81 MP: 16/19
 13708 | D:9      | Found a flagged portal.
 13807 | Bailey   | Entered a bailey
 14217 | Bailey   | Learned a level 3 spell: Mephitic Cloud
 15025 | Bailey   | Identified the +6 plate armour "Beilofui" {rF- Regen+ Int+6
                  | Dex+4}
 15459 | D:9      | Reached skill level 1 in Shields
 15837 | D:9      | Reached skill level 5 in Shields
 16466 | D:10     | Entered Level 10 of the Dungeon
 16467 | D:10     | Noticed Psyche
 16820 | D:10     | Killed Psyche
 16927 | D:10     | Noticed a two-headed ogre
 16953 | D:10     | Killed a two-headed ogre
 16954 | D:10     | Reached XP level 11. HP: 89/89 MP: 4/21
 17138 | D:10     | Found a runed translucent door.
 17140 | D:10     | Found a staircase to the Orcish Mines.
 17168 | D:10     | Noticed a catoblepas
 17188 | D:10     | Killed a catoblepas
 17775 | D:10     | Noticed a fire crab
 17867 | D:11     | Reached skill level 10 in Shields
 18090 | D:11     | Noticed a two-headed ogre
 18117 | D:11     | Killed a two-headed ogre
 18254 | D:11     | Identified the amulet of Aneblu {Acrobat rCorr Int+2 SInv}
 18278 | D:11     | Noticed a tengu warrior
 18365 | D:11     | Noticed a six-headed hydra
 18416 | D:11     | Noticed Maurice
 18420 | D:11     | Killed Maurice
 18672 | D:11     | Noticed Grum
 18680 | D:11     | Killed Grum
 19147 | Lair:1   | Entered Level 1 of the Lair of Beasts
 19718 | D:1      | Bought a +4 ring of protection for 396 gold pieces
 20259 | Lair:1   | Reached skill level 5 in Stealth
 21493 | D:10     | Identified the +1 scale mail of Katzifus {rCorr}
 21695 | Lair:2   | Reached skill level 5 in Staves
 22040 | Lair:2   | Noticed a four-headed hydra
 22195 | Lair:2   | Noticed a four-headed hydra
 22201 | Lair:2   | Killed a four-headed hydra
 22202 | Lair:2   | Reached XP level 12. HP: 95/96 MP: 1/23
 22690 | Lair:2   | Found a transporter.
 22738 | Lair:2   | Found a transporter.
 22751 | Lair:2   | Reached skill level 5 in Spellcasting
 22934 | Lair:2   | Killed a four-headed hydra
 23187 | Lair:3   | Noticed an eight-headed hydra
 23355 | Lair:3   | Killed an eight-headed hydra
 23606 | Lair:3   | Found a hole to the Spider Nest.
 24939 | Lair:4   | Noticed a seven-headed hydra
 24940 | Lair:4   | Noticed Rupert
 24976 | Lair:4   | Reached skill level 10 in Air Magic
 25043 | Lair:4   | Killed a seven-headed hydra
 25100 | Lair:4   | Noticed a six-headed hydra
 25128 | Lair:4   | Killed a six-headed hydra
 25289 | Lair:4   | Noticed a seven-headed hydra
 25295 | Lair:4   | Killed a seven-headed hydra
 25296 | Lair:4   | Reached skill level 5 in Dodging
 25411 | Lair:4   | Found a dark tunnel.
 25422 | Volcano  | Entered a volcano
 25426 | Volcano  | Identified the +0 fire dragon scales "Irri" {rPois rF++ rC-
                  | rN+ Int+2 Dex-2}
 25624 | Lair:4   | Killed Rupert
 25625 | Lair:4   | Reached skill level 1 in Armour
 25789 | Lair:4   | Noticed an eight-headed hydra
 25813 | Lair:4   | Killed an eight-headed hydra
 26052 | Lair:4   | Found a staircase to the Swamp.
 26628 | Lair:5   | Reached skill level 5 in Evocations
 26726 | Lair:5   | Noticed a seven-headed hydra
 26737 | Lair:5   | Killed a seven-headed hydra
 27190 | Lair:5   | Reached XP level 13. HP: 105/107 MP: 19/24
 27855 | Lair:6   | Entered Level 6 of the Lair of Beasts
 28114 | Lair:6   | Found a staircase to the Slime Pits.
 29054 | Lair:6   | Found a runed translucent door.
 29143 | Lair:6   | Paralysed by a hornet for 3 turns
 29190 | Lair:6   | Paralysed by a hornet for 3 turns
 31320 | D:1      | Bought a ring of protection from fire for 275 gold pieces
 32179 | D:2      | Killed Sigmund
 32506 | D:10     | Reached skill level 5 in Armour
 32617 | D:10     | Noticed an entropy weaver
 32688 | D:10     | Killed an entropy weaver
 32940 | D:10     | Reached XP level 14. HP: 109/116 MP: 25/25
 33496 | D:10     | Paralysed by you for 5 turns
 33785 | D:11     | Reached skill level 1 in Poison Magic
 34034 | D:12     | Found a gate leading to a gauntlet.
 34042 | Gauntlet | Entered a Gauntlet
 34042 | Gauntlet | Found a transporter.
 34051 | Gauntlet | Found a transporter.
 34066 | Gauntlet | Found a transporter.
 34071 | Gauntlet | Found a transporter.
 34086 | Gauntlet | Found a transporter.
 34105 | Gauntlet | Found a transporter.
 34113 | Gauntlet | Found a large runed translucent door.
 34114 | Gauntlet | Found a large runed translucent door.
 34115 | Gauntlet | Found a large runed translucent door.
 34115 | Gauntlet | Found a large runed translucent door.
 34116 | Gauntlet | Found a runed translucent gate.
 34117 | Gauntlet | Found a transporter.
 34117 | Gauntlet | Found a runed translucent gate.
 34118 | Gauntlet | Found a runed translucent gate.
 34119 | Gauntlet | Found a large runed translucent door.
 34119 | Gauntlet | Found a large runed translucent door.
 34120 | Gauntlet | Found a large runed translucent door.
 34121 | Gauntlet | Found a large runed translucent door.
 34129 | Gauntlet | Found a transporter.
 34131 | Gauntlet | Found a large runed translucent door.
 34131 | Gauntlet | Found a large runed translucent door.
 34131 | Gauntlet | Found a runed translucent door.
 34131 | Gauntlet | Found a runed translucent door.
 34132 | Gauntlet | Found a large runed translucent door.
 34133 | Gauntlet | Found a large runed translucent door.
 34135 | Gauntlet | Found a transporter.
 34135 | Gauntlet | Found a transporter.
 34150 | Gauntlet | Found a transporter.
 34162 | Gauntlet | Found a transporter.
 34168 | Gauntlet | Found a transporter.
 34205 | Gauntlet | Found a transporter.
 34207 | Gauntlet | Found a transporter.
 34232 | Gauntlet | Found a transporter.
 34234 | Gauntlet | Found a transporter.
 34254 | Gauntlet | Found a transporter.
 34328 | Gauntlet | Found a large runed translucent door.
 34328 | Gauntlet | Found a large runed translucent door.
 34329 | Gauntlet | Found a large runed translucent door.
 34330 | Gauntlet | Found a large runed translucent door.
 34578 | Gauntlet | Identified the +2 helmet of the Sun {Will+++ Str+3 Dex-5
                  | Stlth-}
 34711 | Gauntlet | Identified the +6 chain mail of the Valley of Death {Dex+3}
 34732 | Gauntlet | Identified the +4 steam dragon scales "Naqu" {+Inv rElec
                  | rF+ Dex-4}
 36579 | D:13     | Found a runed translucent door.
 36581 | D:13     | Noticed Faeu's ghost (journeyman MiBe)
 36775 | D:13     | Noticed Nessos
 36786 | D:13     | Killed Nessos
 37831 | D:13     | Found a gate to the Vaults.
 38742 | D:14     | Found a transporter.
 38746 | D:14     | Noticed Cykl0x's ghost (journeyman GrEE)
 39591 | D:14     | Noticed Azrael
 39608 | D:14     | Killed Azrael
 40049 | D:14     | Reached skill level 10 in Staves
 40307 | D:15     | Entered Level 15 of the Dungeon
 41384 | D:15     | Reached XP level 15. HP: 117/125 MP: 27/28
 41617 | D:15     | Found Moittuer's CLEARANCE SALE!.
 41672 | D:15     | Bought a scroll of magic mapping for 24 gold pieces
 41975 | D:15     | Found a staircase to the Depths.
 42251 | D:14     | Found a transporter.
 42372 | Orc:1    | Entered Level 1 of the Orcish Mines
 44048 | Orc:2    | Entered Level 2 of the Orcish Mines
 44048 | Orc:2    | Noticed Erolcha
 44048 | Orc:2    | Noticed Donald
 44063 | Orc:1    | Killed Donald
 44546 | Orc:2    | Killed Erolcha
 44751 | Orc:2    | Noticed Nergalle
 45030 | Orc:2    | Found a staircase to the Elven Halls.
 45069 | Orc:2    | Killed Nergalle
 45977 | Orc:2    | Found Uzie's Antique Weapon Shoppe.
 45979 | Orc:2    | Found Mylotusiph's Antique Armour Shoppe.
 45987 | Orc:2    | Found Ahiwey's General Store.
 46092 | Orc:2    | Bought a potion of heal wounds for 80 gold pieces
 46092 | Orc:2    | Bought a scroll of fear for 56 gold pieces
 46092 | Orc:2    | Bought a scroll of identify for 32 gold pieces
 46092 | Orc:2    | Bought a scroll of teleportation for 48 gold pieces
 46108 | Orc:2    | Noticed Saint Roka
 46115 | Orc:2    | Found Igeopam's Book Shoppe.
 46407 | Orc:2    | Reached skill level 1 in Maces & Flails
 46794 | Orc:2    | Killed Saint Roka
 47095 | Orc:2    | Bought a book of the Sky for 660 gold pieces
 47100 | Orc:2    | Learned a level 4 spell: Summon Lightning Spire
 47812 | D:13     | Killed Faeu's ghost
 47833 | D:13     | Got the Volume of Clay
 48253 | Spider:1 | Entered Level 1 of the Spider Nest
 48573 | Spider:1 | Reached skill level 10 in Fighting
 48762 | Spider:1 | Reached skill level 1 in Summonings
 49106 | Orc:2    | Bought a pair of smoking gloves for 313 gold pieces
 49106 | Orc:2    | Identified the +1 pair of gloves of Day {Harm Stlth+} (You
                  | bought it in a shop on level 2 of the Orcish Mines)
 49121 | Orc:2    | Bought a glowing scarf for 264 gold pieces
 51577 | Spider:2 | Reached XP level 16. HP: 126/134 MP: 8/29
 52107 | Spider:2 | Noticed Aizul
 52359 | Spider:2 | Killed Aizul
 52360 | Spider:2 | Reached skill level 5 in Summonings
 53913 | Spider:3 | Slain by a wolf spider

Illustrated notes

Levels and vault maps discovered:
D:1:      dpeg_arrival_shelter, layout_basic, serial_shops,
          nicolae_shop_crystal, grunt_decor_clamped
D:2:      layout_basic, kennysheep_pointless_box, uniq_sigmund
D:3:      kennysheep_goblin_castle, layout_loops_ring,
          ashenzari_conservatory_becter,
          hellmonk_ecumenical_altar_defaced_shrine, guppyfry_early_orc_mine,
          uniq_jessica, uniq_crazy_yiuf_cottage, uniq_ijyb
D:4:      layout_loops_ring, tgw_xom, minmay_temple_entry_overgrown,
          nicolae_ossuary_entry_plus
D:5:      layout_layer_cave, overflow_temple_1_default, uniq_menkaure
D:6:      layout_layer_cave, nzn_wu_jian_council_hall
D:7:      layout_loops_ring, lemuel_crystal_altar,
          minmay_overflow_temple_star_quad, uniq_duvessa
D:8:      layout_basic, gammafunk_temple_overflow_wave, lair_entry_dummy
D:9:      layout_irregular_city, okawaru_metal_pillars_1_2, enter_bailey_5,
          minivault_7
D:10:     gammafunk_mikee_crab_dinner, layout_cave_pools,
          nicolae_hepliaklqana_monster_ancestors, tgw_kikubaaqudgha,
          orc_0_dummy, uniq_psyche
D:11:     layout_irregular_city, nicolae_elyvilon_peaceful_grove, uniq_maurice,
          uniq_grum
D:12:     layout_cave_pools, gauntlet_entry_generic, minmay_crystal_water,
          drop_trap
D:13:     layout_loops_ring, ximxim_vaults_locker_room, hellmonk_ghost_big_iron,
          nicolae_figureground_pulse, uniq_nessos
D:14:     layout_irregular_city, gammafunk_ghost_stat_death,
          hangedman_decor_slide_cut, uniq_azrael
D:15:     gammafunk_enter_depths_forms, layout_basic, nicolae_shop_clearance
Lair:1:   layout_small_grid, grunt_megastairs_3, serial_bayou_shore_b,
          serial_bayou_shore_b
Lair:2:   gammafunk_cloud_chamber, layout_misc_corridors
Lair:3:   layout_hall_layers, spider_nest_entry_webs, grunt_megastairs_4,
          infiniplex_staircase_pool, lemuel_fruit_tree
Lair:4:   layout_cellular_growth, palyth_hydra_swamp_entry,
          lightli_volcano_entry_magma_tube, minivault_24, serial_bayou_shore_a,
          uniq_rupert
Lair:5:   layout_roguey, serial_bayou_pond_c
Lair:6:   guppyfry_lair_end_dragon, layout_loops_ring, wormcave, slime_altar_1
Spider:1: layout_cave_pods, nicolae_spider_baby_got_redback
Spider:2: layout_spider_delve, uniq_aizul
Spider:3: layout_spider_delve, beargit_elvish_explorers
Orc:1:    orc_temple, layout_diamond_mine, basic_altar
Orc:2:    grunt_orc_cross, layout_caves, uniq_erolcha, uniq_saint_roka,
          uniq_donald

Skill      XL: |  1  2  3  4  5  6  7  8  9 10 11 12 13 14 15 16 |
---------------+-------------------------------------------------+-----
Conjurations   | 1 2 3 4 5 6 7 8 |  8.4
Stealth        | 2 7 |  7.2
Air Magic      | 3 4 5 6 7 8 9 10 11 12 | 12.9
Dodging        | 2 5 7 8 |  8.1
Spellcasting   | 2 3 4 5 6 |  6.5
Fighting       | 1 2 3 5 6 7 8 9 10 | 10.2
Staves         | 1 2 4 5 7 8 10 | 10.9
Evocations     | 1 2 4 5 6 7 |  7.0
Shields        | 8 11 12 | 12.7
Armour         | 2 5 7 |  7.8
Poison Magic   | 3 |  3.0
Maces & Flails | 1 2 |  2.5
Summonings     | 4 5 |  5.2

Action                   |  1- 3 |  4- 6 |  7- 9 | 10-12 | 13-15 | 16-18 || total
-------------------------+-------+-------+-------+-------+-------+-------++-------
Melee: Short sword       |    27 |    53 |     2 |       |       |       ||    82
       Punch             |     1 |       |       |       |       |       ||     1
       Quarterstaff      |       |       |    57 |    26 |     5 |       ||    88
       Staff             |       |       |       |   138 |   451 |    30 ||   619
       Eveningstar       |       |       |       |       |       |    26 ||    26
 Cast: Shock             |    51 |   100 |   145 |   132 |    44 |     2 ||   474
       Static Discharge  |    14 |    50 |    58 |   222 |   616 |    64 ||  1024
       Airstrike         |       |       |    34 |   138 |   321 |    36 ||   529
       Mephitic Cloud    |       |       |       |       |     3 |     2 ||     5
       Summon Lightning  |       |       |       |       |     9 |    13 ||    22
Evoke: Lightning rod     |       |       |       |       |     4 |       ||     4
  Use: Scroll            |       |     8 |     5 |     8 |    17 |     5 ||    43
       Potion            |       |       |       |     9 |     5 |     4 ||    18
 Stab: Sleeping          |     6 |       |       |     4 |     9 |       ||    19
       Petrified         |       |       |       |       |     2 |       ||     2
       Distracted        |       |       |       |       |     2 |     2 ||     4
       Confused          |       |       |       |       |       |     1 ||     1
Armor: Robe              |     6 |    37 |    26 |       |       |       ||    69
       Steam dragon scal |       |       |    28 |   170 |   212 |       ||   410
       Skin              |       |       |       |     3 |       |       ||     3
       Fire dragon scale |       |       |       |     7 |   216 |       ||   223
       Leather armour    |       |       |       |       |     6 |       ||     6
       Swamp dragon scal |       |       |       |       |    79 |   112 ||   191
Dodge: Dodged            |    25 |    70 |    68 |   234 |   468 |   124 ||   989
Block: Buckler           |       |       |       |    81 |   165 |       ||   246
       Tower shield      |       |       |       |       |   377 |       ||   377
       Kite shield       |       |       |       |       |   133 |   137 ||   270
